 Dungeon Crawl Stone Soup version 0.24-a0-537-g2d01d4ab0a (webtiles) character file.

Game seed: 14946021699670498983

32 Gynju the Sneak (level 3, -2/16 HPs)
             Began as a Spriggan Enchanter on Aug 15, 2019.
             Killed from afar by Natasha (4 damage)
             ... with a magic dart
             ... on level 2 of the Dungeon.
             The game lasted 00:02:14 (1406 turns).

Gynju the Sneak (Spriggan Enchanter)                Turns: 1406, Time: 00:02:15

Health: -2/16      AC:  2    Str:  4    XL:     3   Next: 8%
Magic:  2/8        EV: 18    Int: 17    God:
Gold:   29         SH:  0    Dex: 16    Spells: 5/8 levels left

rFire    . . .     SeeInvis +   f - +2 dagger (venom)
rCold    . . .     Gourm    .   (shield restricted)
rNeg     . . .     Faith    .   b - +0 robe
rPois    .         Spirit   .   (helmet restricted)
rElec    .         Reflect  .   (no cloak)
rCorr    .         Harm     .   (gloves unavailable)
MR       .....                  (boots unavailable)
Stlth    +++.......             (no amulet)
HPRegen  0.05/turn              (no ring)
MPRegen  0.11/turn              (no ring)

@: very slightly contaminated, slowed, quick
A: very small, unfitting armour, see invisible, herbivore, speed 3, slow
metabolism 2
a: no special abilities


You were on level 2 of the Dungeon.
You were not hungry.

You visited 1 branch of the dungeon, and saw 2 of its levels.

You collected 29 gold pieces.

Inventory:

Hand Weapons
 f - a +2 dagger of venom (weapon)
Armour
 a - a +0 buckler
 b - a +0 robe (worn)
Scrolls
 c - a scroll of enchant armour {unknown}
 e - 2 scrolls of remove curse {unknown}
 g - 3 scrolls of identify {unknown}
Potions
 h - a potion of mutation {unknown}
Comestibles
 d - 5 rations


   Skills:
 - Level 1.1 Short Blades
 - Level 3.0 Dodging
 * Level 5.3 Stealth
 * Level 0.5 Shields
 + Level 3.0 Spellcasting
 * Level 4.2 Hexes


You had 5 spell levels left.
You knew the following spells:

 Your Spells              Type           Power        Failure   Level  Hunger
a - Corona                Hex            ###....      3%          1    None
b - Ensorcelled Hibernat  Hex/Ice        #.....       11%         2    ##.....

Your spell library contained the following spells:

 Spells                   Type           Power        Failure   Level  Hunger
 Confuse                  Hex            ###.....     10%         3    ###....
 Tukima's Dance           Hex            ###.....     10%         3    ###....
 Dazzling Spray           Conj/Hex       #.....       22%         3    ###....


Dungeon Overview and Level Annotations

Branches:
Dungeon (2/15)

Altars:

Annotations:
D:2 Natasha


Innate Abilities, Weirdness & Mutations

You are very small and have problems with some larger weapons.
You are too small for most types of armour.
You have supernaturally acute eyesight. (SInv)
You are a herbivore.
You cover ground extremely quickly.
You need to consume almost no food.


Message History

The quokka looks drowsy...
The helpless quokka fails to defend itself.
You impale the quokka!!
You kill the quokka!
Natasha extends her claws.
Natasha stares at you and mumbles some strange words.
You feel yourself slow down.
You closely miss Natasha. Natasha completely misses you.
You barely miss Natasha. Natasha barely misses you. Natasha misses you.
You barely miss Natasha. Natasha closely misses you.
You barely miss Natasha. Natasha misses you. Natasha claws you!
Ouch! That really hurt!
You hit Natasha but do no damage. Natasha claws you.
* * * LOW HITPOINT WARNING * * *
Natasha misses you.
Natasha casts a spell.
The crimson imp blinks!
Natasha casts a spell at you. The magic dart hits you.
You die...

##.......# ##........## .....
...........## #.....
###.........# #.....
##.........#.# #
#...#####..#(........# #.
#....................# #
#.##...####.##..##.##..##.
.......##@..##.....##...>.
###..h...#####.....#.#...
#.....########.......†...
#...)...###..........#.#...
#......§..##...........#.#...
#..###...##.........#.##.#...
## #.#.##.........#.##.#...
..#....(...)..<#....#...
................####.#...


You could see Natasha.

Vanquished Creatures
  2 dart slugs (D:1)
  8 goblins (D:1)
  2 hobgoblins
  3 kobolds
  A quokka (D:2)
  4 bats
  A frilled lizard (D:1)
  5 rats (D:1)
26 creatures vanquished.

Vanquished Creatures (others)
  4 toadstools (D:1)
4 creatures vanquished.

Grand Total: 30 creatures vanquished

Notes
Turn   | Place    | Note
-------+----------+-------------------------------------------
     0 | D:1      | Gynju the Spriggan Enchanter began the quest for the Orb.
     0 | D:1      | Reached XP level 1. HP: 9/9 MP: 5/5
   341 | D:1      | Reached XP level 2. HP: 12/13 MP: 1/6
   393 | D:1      | Learned a level 2 spell: Ensorcelled Hibernation
   541 | D:1      | Reached skill level 5 in Stealth
  1231 | D:2      | Noticed Natasha
  1234 | D:2      | Reached XP level 3. HP: 16/16 MP: 8/8
  1406 | D:2      | Killed from afar by Natasha

Levels and vault maps discovered:
D:1:      ldierk_walled_garden_2, layout_basic, minmay_pentomino_o2
D:2:      minmay_skewed_foursquare, layout_rooms,
          gammafunk_temple_overflow_statue, lemuel_doored_altar, first_ration,
          uniq_crazy_yiuf_cottage, uniq_natasha

Skill      XL: |  1  2 |
---------------+-------+-----
Hexes          | 4 |  4.2
Stealth        | 5 |  5.3
Spellcasting   | 3 |  3.0
Short Blades   | |  1.1
Dodging        | |  3.0
Shields        | |  0.5

Action                   || total
-------------------------++-------
Melee: Dagger            ||    53
 Cast: Corona            ||     6
       Ensorcelled Hiber ||    16
 Stab: Sleeping          ||    15
Armor: Robe              ||     6
Dodge: Dodged            ||    57

Table legend:
 A = Non-vault XP
 B = Vault XP
 C = Vault XP percentage of total XP
 D = Non-vault monster count
 E = Vault monster count
 F = Vault count percentage of total count
                 A         B        C        D         E       F
            +---------+---------+-------+---------+---------+-------
      Total |      44 |       2 |   4.3 |      25 |       1 |   3.8
            +---------+---------+-------+---------+---------+-------
        D:1 |      37 |       2 |   5.1 |      21 |       1 |   4.5
        D:2 |       7 |       0 |   0.0 |       4 |       0 |   0.0
            +---------+---------+-------+---------+---------+-------
